[Event "SuperChess Cup Blitz 2019"]
[Site "Bucharest"]
[Date "2019.11.09"]
[Round "4.1"]
[White "Gavrilescu, David"]
[Black "Cosma, Elena-Luminita"]
[Result "0-1"]
[ECO "C10"]
[WhiteElo "2274"]
[BlackElo "2199"]
[Annotator "RC"]
[PlyCount "84"]
[EventDate "2019.11.06"]
[EventType "tourn"]
[EventCountry "ROU"]
[SourceTitle "playchess.com"]
[Source "ChessBase"]
[SourceQuality "1"]
[TimeMode "Bronstein"]
[TimeControl "300+3"]

1. e4 e6 2. d4 d5 3. Nc3 h6 4. Nf3 Nf6 5. e5 Ne4 6. Bd3 Bb4 7. Bd2 Bxc3 8. bxc3 Nxd2 9. Qxd2 c5 10. h4 Qa5 11. Rb1 cxd4 12. cxd4 Qxd2+ 13. Kxd2 Nc6 14. h5 Na5 15. g4 Bd7 16. Ne1 b6 17. Ng2 Ke7 18. Ne3 Rac8 19. f4 Rc7 20. Rbf1 Rhc8 21. f5 Nc6 22. Ba6 Nxd4 23. Bxc8 Rxc8 24. f6+ gxf6 25. exf6+ Kd6 26. g5 hxg5 27. h6 Rh8 28. c3 Nf5 29. Nxf5+ exf5 30. h7 Ke5 31. Rh6 f4 32. Rg1 g4 33. Rf1 Kf5 34. Rh5+ Kg6 35. Rfh1 Kxf6 36. Rxd5 Be6 37. Rdh5 Bf5 38. Rf1 Kg6 39. Rh2 Kg5 40. Rfh1 Bg6 41. Ke2 f5 42. Rg1 f3+ 0-1

[Event "SuperChess Cup Blitz 2019"]
[Site "Bucharest"]
[Date "2019.11.09"]
[Round "5.4"]
[White "Istratescu, Andrei"]
[Black "Deac, Bogdan-Daniel"]
[Result "1-0"]
[ECO "C77"]
[WhiteElo "2604"]
[BlackElo "2544"]
[Annotator "RC"]
[PlyCount "131"]
[EventDate "2019.11.06"]
[EventType "tourn"]
[EventCountry "ROU"]
[SourceTitle "playchess.com"]
[Source "ChessBase"]
[SourceQuality "1"]
[TimeMode "Bronstein"]
[TimeControl "300+3"]

1. e4 e5 2. Nf3 Nc6 3. Bb5 a6 4. Ba4 Nf6 5. d3 Bc5 6. O-O d6 7. Bxc6+ bxc6 8. Be3 Bb6 9. c4 O-O 10. c5 Bxc5 11. Bxc5 dxc5 12. Qc2 Qd6 13. Qc3 Nh5 14. g3 Bh3 15. Re1 Nf4 16. Nxe5 Ne6 17. Nd2 Nd4 18. Nef3 Rfd8 19. Nxd4 Qxd4 20. Re3 Rab8 21. Nb3 Qxc3 22. bxc3 c4 23. dxc4 Be6 24. Nd4 Bd7 25. c5 Rb2 26. Re2 Rxe2 27. Nxe2 Rb8 28. Rd1 Be6 29. a4 Kf8 30. Nd4 Bd7 31. Nc2 Ke7 32. a5 Rb5 33. Ra1 Rxc5 34. Nb4 Bc8 35. Ra3 Rc4 36. f3 Rc5 37. Kf2 h5 38. Ke3 Kd7 39. f4 Rb5 40. Nd3 Ke7 41. c4 Rb1 42. Ra2 h4 43. gxh4 g6 44. Rb2 Ra1 45. Rb8 Be6 46. Ne5 c5 47. h5 Ra3+ 48. Kf2 Ra2+ 49. Kg3 Ra3+ 50. Kf2 Ra2+ 51. Ke3 gxh5 52. f5 Bd7 53. Rb7 f6 54. Ng6+ Kd6 55. Rb8 Ra3+ 56. Kf4 c6 57. Rf8 Ra2 58. Rxf6+ Kc7 59. Ne5 Be8 60. Re6 Kd8 61. Nxc6+ Kd7 62. Ne5+ Kd8 63. Rxa6 Rxh2 64. f6 Rf2+ 65. Ke3 Rf1 66. Ra8+ 1-0

[Event "SuperChess Cup Blitz 2019"]
[Site "Bucharest"]
[Date "2019.11.10"]
[Round "10.1"]
[White "Gavrilescu, David"]
[Black "Peptan, Corina-Isabela"]
[Result "1-0"]
[ECO "B41"]
[WhiteElo "2274"]
[BlackElo "2334"]
[Annotator "ChessBase"]
[PlyCount "97"]
[EventDate "2019.11.06"]
[EventType "tourn"]
[EventCountry "ROU"]
[SourceTitle "playchess.com"]
[Source "ChessBase"]
[SourceQuality "1"]
[TimeMode "Bronstein"]
[TimeControl "300+3"]

1. e4 c5 2. Nf3 e6 3. d4 cxd4 4. Nxd4 a6 5. c4 Nf6 6. Nc3 d6 7. Be3 b6 8. Be2 Bb7 9. f3 Be7 10. O-O O-O 11. Qd2 Nc6 12. Rfc1 Rc8 13. Qe1 Ne5 14. Na4 Nfd7 15. b4 Bf6 16. Rab1 Qc7 17. Qf2 Qb8 18. Nb3 Nxc4 19. Bxc4 b5 20. Na5 bxc4 21. Nxc4 d5 22. Ba7 Qf4 23. g3 Qg5 24. Be3 Qg6 25. Nd6 Rxc1+ 26. Rxc1 Ba8 27. Nc5 Ne5 28. Rd1 dxe4 29. Ncxe4 Bxe4 30. Nxe4 Ng4 31. Nxf6+ Nxf6 32. Bc5 Re8 33. Qe2 Qf5 34. Kg2 h5 35. Rd4 a5 36. a3 axb4 37. axb4 Nd5 38. Qe4 Ra8 39. Qxf5 Ne3+ 40. Kf2 Nxf5 41. Rd2 Rb8 42. Rb2 f6 43. b5 Kf7 44. b6 Ke8 45. b7 Ne7 46. Ba7 Nc6 47. Bxb8 Nxb8 48. Rc2 Kd7 49. Rc8 1-0

[Event "SuperChess Cup Blitz 2019"]
[Site "Bucharest"]
[Date "2019.11.10"]
[Round "10.2"]
[White "Deac, Bogdan-Daniel"]
[Black "Parligras, Mircea-Emilian"]
[Result "1/2-1/2"]
[ECO "C67"]
[WhiteElo "2544"]
[BlackElo "2458"]
[Annotator "ChessBase"]
[PlyCount "50"]
[EventDate "2019.11.06"]
[EventType "tourn"]
[EventCountry "ROU"]
[SourceTitle "playchess.com"]
[Source "ChessBase"]
[SourceQuality "1"]
[TimeMode "Bronstein"]
[TimeControl "300+3"]

1. e4 e5 2. Nf3 Nc6 3. Bb5 Nf6 4. O-O Nxe4 5. Re1 Nd6 6. Nxe5 Be7 7. Bf1 Nxe5 8. Rxe5 O-O 9. d4 Ne8 10. d5 Bc5 11. Re1 d6 12. Nc3 Bf5 13. h3 Qf6 14. Be3 Qg6 15. Bd3 h6 16. Bxc5 dxc5 17. Bxf5 Qxf5 18. Ne4 Nf6 19. Nxf6+ Qxf6 20. c3 Rad8 21. Qb3 b6 22. Re3 Rfe8 23. Rae1 Rxe3 24. Rxe3 a5 25. c4 g6 1/2-1/2

[Event "SuperChess Cup Blitz 2019"]
[Site "Bucharest"]
[Date "2019.11.10"]
[Round "10.3"]
[White "Georgescu, Tiberiu-Marian"]
[Black "Lupulescu, Constantin"]
[Result "0-1"]
[ECO "D35"]
[WhiteElo "2373"]
[BlackElo "2525"]
[Annotator "ChessBase"]
[PlyCount "112"]
[EventDate "2019.11.06"]
[EventType "tourn"]
[EventCountry "ROU"]
[SourceTitle "playchess.com"]
[Source "ChessBase"]
[SourceQuality "1"]
[TimeMode "Bronstein"]
[TimeControl "300+3"]

1. c4 e6 2. Nc3 d5 3. d4 Nf6 4. cxd5 exd5 5. Bg5 Be7 6. e3 c6 7. Bd3 Nbd7 8. Qc2 Nb6 9. O-O-O Nh5 10. Bxe7 Qxe7 11. Kb1 g6 12. h3 Ng7 13. g4 Be6 14. Nge2 O-O-O 15. Rc1 Kb8 16. Na4 Nxa4 17. Qxa4 h5 18. gxh5 Rxh5 19. Nf4 Bf5 20. Rc3 Bxd3+ 21. Nxd3 Ne6 22. Ra3 a6 23. Rb3 Ka7 24. Rc1 Rc8 25. Qa5 Qc7 26. Qb4 Rxh3 27. a4 Rh2 28. a5 f6 29. Rc2 Rh1+ 30. Ka2 g5 31. Nc5 Nxc5 32. Qxc5+ Ka8 33. Rb6 Rhh8 34. Rc3 Rh7 35. Rcb3 Qd8 36. Qc2 Rg7 37. Qf5 Ka7 38. Qe6 Rcc7 39. Qf5 Qd6 40. Qh3 Rg8 41. Qh6 Qe7 42. Qh2 f5 43. Qh6 Rf8 44. f3 g4 45. Qf4 Rg8 46. fxg4 fxg4 47. Qf1 g3 48. Rxa6+ bxa6 49. Rb6 Ka8 50. Qc1 g2 51. Rxa6+ Kb8 52. Rb6+ Kc8 53. Qg1 Qd6 54. a6 Ra7 55. Qc1 Kd7 56. Qg1 Qc7 0-1

[Event "SuperChess Cup Blitz 2019"]
[Site "Bucharest"]
[Date "2019.11.10"]
[Round "10.4"]
[White "Cosma, Elena-Luminita"]
[Black "Miron, Lucian-Costin"]
[Result "0-1"]
[ECO "D30"]
[WhiteElo "2199"]
[BlackElo "2432"]
[Annotator "ChessBase"]
[PlyCount "152"]
[EventDate "2019.11.06"]
[EventType "tourn"]
[EventCountry "ROU"]
[SourceTitle "playchess.com"]
[Source "ChessBase"]
[SourceQuality "1"]
[TimeMode "Bronstein"]
[TimeControl "300+3"]

1. d4 d5 2. c4 e6 3. Nf3 c6 4. Qc2 Nf6 5. g3 dxc4 6. Qxc4 b5 7. Qb3 Bb7 8. Bg2 Nbd7 9. O-O a6 10. a4 c5 11. axb5 Bd5 12. Qc2 axb5 13. Rxa8 Qxa8 14. Nc3 Bc6 15. dxc5 Bxc5 16. Nh4 Bxg2 17. Nxg2 b4 18. Nb1 O-O 19. Be3 Be7 20. Nd2 Rc8 21. Qb3 h6 22. Nc4 Nd5 23. Rc1 Qa6 24. Qd3 Bf6 25. h4 Nxe3 26. Ngxe3 Bxb2 27. Rb1 Nc5 28. Qd6 Bc3 29. Qxa6 Nxa6 30. Kg2 Nc5 31. Na5 Ne4 32. Nb3 Rd8 33. Nc4 Rc8 34. Ne3 h5 35. Kf3 Nd6 36. Nd1 Nb5 37. e3 Bf6 38. Ke2 g6 39. Rc1 Ra8 40. Rc5 Ra2+ 41. Kd3 Nc3 42. Nxc3 bxc3 43. f4 Rg2 44. Nd4 Rxg3 45. Rxc3 Bxd4 46. Kxd4 Rh3 47. Ke5 Kg7 48. Rd3 Rxh4 49. e4 Rh1 50. Rd7 Rf1 51. Ra7 h4 52. Ra3 Rh1 53. f5 exf5 54. exf5 Re1+ 55. Kf4 Rf1+ 56. Kg4 Rxf5 57. Kxh4 Rb5 58. Ra4 Kh6 59. Kg4 Rc5 60. Rb4 f6 61. Ra4 g5 62. Ra6 Kg6 63. Rb6 Rc4+ 64. Kg3 Rd4 65. Ra6 Kf5 66. Ra5+ Ke6 67. Ra6+ Ke5 68. Ra5+ Rd5 69. Ra6 f5 70. Rg6 Rd3+ 71. Kf2 Kf4 72. Rg8 Rd2+ 73. Ke1 Ra2 74. Rg7 g4 75. Kf1 Kf3 76. Ke1 g3 0-1

[Event "SuperChess Cup Blitz 2019"]
[Site "Bucharest"]
[Date "2019.11.10"]
[Round "11.1"]
[White "Istratescu, Andrei"]
[Black "Gavrilescu, David"]
[Result "1-0"]
[ECO "C11"]
[WhiteElo "2604"]
[BlackElo "2274"]
[Annotator "ChessBase"]
[PlyCount "99"]
[EventDate "2019.11.06"]
[EventType "tourn"]
[EventCountry "ROU"]
[SourceTitle "playchess.com"]
[Source "ChessBase"]
[SourceQuality "1"]
[TimeMode "Bronstein"]
[TimeControl "300+3"]

1. e4 e6 2. d4 d5 3. Nc3 Nf6 4. Bg5 dxe4 5. Nxe4 Nbd7 6. Nf3 h6 7. Nxf6+ Nxf6 8. Bh4 c5 9. Bb5+ Bd7 10. Bxd7+ Qxd7 11. Bxf6 gxf6 12. c3 cxd4 13. Nxd4 Bc5 14. Qf3 Bxd4 15. O-O-O Rc8 16. Kb1 Qc6 17. Qxc6+ Rxc6 18. Rxd4 Rc7 19. Rhd1 Ke7 20. Kc2 f5 21. a4 Rg8 22. g3 Kf6 23. Rd7 Rgc8 24. Rxc7 Rxc7 25. b4 f4 26. a5 Kf5 27. Kb3 fxg3 28. hxg3 Ke4 29. Rd4+ Kf3 30. Rf4+ Ke2 31. c4 Rd7 32. b5 Kd3 33. c5 Rd5 34. Kb4 e5 35. Rf3+ Ke4 36. Rxf7 Rd4+ 37. Kc3 Rd3+ 38. Kc2 Rd5 39. Rxb7 Rxc5+ 40. Kb3 Kd3 41. b6 Rxa5 42. bxa7 Ke2 43. Rf7 e4 44. g4 Kf1 45. Kc4 Kg2 46. Kd4 Ra4+ 47. Ke3 Kh3 48. Kf4 e3+ 49. Kxe3 Kxg4 50. Rf4+ 1-0

[Event "SuperChess Cup Blitz 2019"]
[Site "Bucharest"]
[Date "2019.11.10"]
[Round "11.2"]
[White "David, Alexandru-Vasile"]
[Black "Cosma, Elena-Luminita"]
[Result "1-0"]
[ECO "D35"]
[WhiteElo "2361"]
[BlackElo "2199"]
[Annotator "ChessBase"]
[PlyCount "81"]
[EventDate "2019.11.06"]
[EventType "tourn"]
[EventCountry "ROU"]
[SourceTitle "playchess.com"]
[Source "ChessBase"]
[SourceQuality "1"]
[TimeMode "Bronstein"]
[TimeControl "300+3"]

1. d4 d5 2. c4 e6 3. Nc3 Nf6 4. cxd5 exd5 5. Bg5 Be7 6. e3 c6 7. Bd3 Nbd7 8. f3 Nb6 9. Nge2 Nh5 10. Bxe7 Qxe7 11. Qd2 O-O 12. g4 Nf6 13. h3 Re8 14. Kf2 Bd7 15. Ng3 c5 16. g5 Nh5 17. Nxh5 Qxg5 18. Nf4 Qh4+ 19. Kg2 cxd4 20. exd4 Qh6 21. Rad1 Rad8 22. Nfe2 Qh5 23. Qf4 f6 24. Ng3 Qf7 25. Rhe1 Nc4 26. Bxc4 dxc4 27. d5 Bc8 28. Qxc4 Qd7 29. Qh4 Qd6 30. Nge4 Qb6 31. Kh1 Bf5 32. b3 Bg6 33. Qf2 Qc7 34. d6 Qd7 35. Kh2 Qf5 36. Ng3 Qf4 37. Rxe8+ Rxe8 38. d7 Rd8 39. Qd4 Qc7 40. Nd5 Qd6 41. Qf4 1-0

[Event "SuperChess Cup Blitz 2019"]
[Site "Bucharest"]
[Date "2019.11.10"]
[Round "11.3"]
[White "Miron, Lucian-Costin"]
[Black "Georgescu, Tiberiu-Marian"]
[Result "1-0"]
[ECO "C41"]
[WhiteElo "2432"]
[BlackElo "2373"]
[Annotator "ChessBase"]
[PlyCount "89"]
[EventDate "2019.11.06"]
[EventType "tourn"]
[EventCountry "ROU"]
[SourceTitle "playchess.com"]
[Source "ChessBase"]
[SourceQuality "1"]
[TimeMode "Bronstein"]
[TimeControl "300+3"]

1. e4 d6 2. d4 Nf6 3. Nc3 e5 4. Nf3 Nbd7 5. Bc4 Be7 6. O-O O-O 7. a4 c6 8. a5 exd4 9. Nxd4 Ne5 10. Be2 Re8 11. Re1 Bf8 12. h3 Ng6 13. Bf1 d5 14. Bg5 h6 15. Bxf6 Qxf6 16. Qd2 Bc5 17. Nb3 Bb4 18. exd5 Bd7 19. dxc6 Bxc6 20. Nd5 Bxd5 21. Rxe8+ Rxe8 22. Qxd5 Qxb2 23. Qb5 Re4 24. Bd3 Qxa1+ 25. Nxa1 Re1+ 26. Bf1 Bd6 27. Nb3 Nf4 28. g3 Nxh3+ 29. Kg2 Ng5 30. Qxb7 h5 31. Bd3 g6 32. Qd5 Be7 33. Bxg6 h4 34. gxh4 Ne6 35. Qa8+ Kg7 36. Bd3 Bxh4 37. Qxa7 Bg5 38. Nd4 Nf4+ 39. Kf3 Rg1 40. Nf5+ Kf6 41. Qb6+ Ne6 42. Ng3 Kg7 43. a6 Ra1 44. a7 Bf6 45. Nh5+ 1-0

[Event "SuperChess Cup Blitz 2019"]
[Site "Bucharest"]
[Date "2019.11.10"]
[Round "11.4"]
[White "Lupulescu, Constantin"]
[Black "Deac, Bogdan-Daniel"]
[Result "1/2-1/2"]
[ECO "B11"]
[WhiteElo "2525"]
[BlackElo "2544"]
[Annotator "ChessBase"]
[PlyCount "57"]
[EventDate "2019.11.06"]
[EventType "tourn"]
[EventCountry "ROU"]
[SourceTitle "playchess.com"]
[Source "ChessBase"]
[SourceQuality "1"]
[TimeMode "Bronstein"]
[TimeControl "300+3"]

1. e4 c6 2. Nf3 d5 3. Nc3 Bg4 4. h3 Bh5 5. d4 e6 6. Be2 Nf6 7. e5 Nfd7 8. O-O c5 9. Bg5 Qc8 10. Nb5 Bxf3 11. Bxf3 cxd4 12. Nxd4 Nxe5 13. Re1 Nbd7 14. Bxd5 exd5 15. f4 f6 16. Bh4 Bd6 17. Nf5 Bc5+ 18. Kh1 O-O 19. fxe5 Nxe5 20. Qxd5+ Kh8 21. Qe4 Qc6 22. Qxc6 Nxc6 23. Rad1 Rad8 24. c3 a5 25. Bg3 Kg8 26. Nd6 Rd7 27. Ne4 Rxd1 28. Rxd1 Bb6 29. Bf2 1/2-1/2

[Event "SuperChess Cup Blitz 2019"]
[Site "Bucharest"]
[Date "2019.11.10"]
[Round "11.5"]
[White "Parligras, Mircea-Emilian"]
[Black "Peptan, Corina-Isabela"]
[Result "1-0"]
[ECO "B46"]
[WhiteElo "2458"]
[BlackElo "2334"]
[Annotator "ChessBase"]
[PlyCount "103"]
[EventDate "2019.11.06"]
[EventType "tourn"]
[EventCountry "ROU"]
[SourceTitle "playchess.com"]
[Source "ChessBase"]
[SourceQuality "1"]
[TimeMode "Bronstein"]
[TimeControl "300+3"]

1. e4 c5 2. Nf3 e6 3. d4 cxd4 4. Nxd4 Nc6 5. Nc3 a6 6. Nxc6 bxc6 7. Bd3 Qc7 8. O-O Nf6 9. f4 d5 10. Qe2 Bc5+ 11. Kh1 O-O 12. e5 Nd7 13. Na4 Be7 14. c4 f5 15. cxd5 cxd5 16. Be3 Bb7 17. Rac1 Qa5 18. b3 Rfc8 19. Qf2 Rxc1 20. Rxc1 Rc8 21. Rxc8+ Bxc8 22. h3 Bb7 23. Kh2 Qc7 24. Qe2 Qc6 25. Bd4 g6 26. Qc2 Qxc2 27. Bxc2 Bb4 28. Bd3 Kf7 29. g4 Bd2 30. Kg3 h6 31. Kf3 Ke7 32. h4 h5 33. gxh5 gxh5 34. Be2 Nf8 35. Nc5 Bc8 36. Be3 Be1 37. Bf2 Bd2 38. Bxa6 Bxa6 39. Nxa6 Ng6 40. Bg3 Kd7 41. Nc5+ Ke7 42. a3 d4 43. b4 Nf8 44. b5 Bc1 45. a4 Ba3 46. Nb3 Bb2 47. Bf2 Nd7 48. Bxd4 Ba3 49. a5 Kd8 50. a6 Kc7 51. Na5 Bb4 52. a7 1-0

[Event "SuperChess Cup Blitz 2019"]
[Site "Bucharest"]
[Date "2019.11.10"]
[Round "12.1"]
[White "Gavrilescu, David"]
[Black "Parligras, Mircea-Emilian"]
[Result "1/2-1/2"]
[ECO "C67"]
[WhiteElo "2274"]
[BlackElo "2458"]
[Annotator "ChessBase"]
[PlyCount "46"]
[EventDate "2019.11.06"]
[EventType "tourn"]
[EventCountry "ROU"]
[SourceTitle "playchess.com"]
[Source "ChessBase"]
[SourceQuality "1"]
[TimeMode "Bronstein"]
[TimeControl "300+3"]

1. e4 e5 2. Nf3 Nc6 3. Bb5 Nf6 4. O-O Nxe4 5. Re1 Nd6 6. Nxe5 Be7 7. Bf1 Nxe5 8. Rxe5 O-O 9. d4 Ne8 10. Nc3 Bf6 11. Re1 d5 12. Ne2 c6 13. Nf4 g6 14. c3 Nd6 15. Nd3 Re8 16. Bf4 Rxe1 17. Qxe1 Bf5 18. Nc5 b6 19. Nd3 Bxd3 20. Bxd3 Qd7 21. Qd2 Re8 22. Re1 Rxe1+ 23. Qxe1 Qe7 1/2-1/2

[Event "SuperChess Cup Blitz 2019"]
[Site "Bucharest"]
[Date "2019.11.10"]
[Round "12.2"]
[White "Peptan, Corina-Isabela"]
[Black "Lupulescu, Constantin"]
[Result "0-1"]
[ECO "D37"]
[WhiteElo "2334"]
[BlackElo "2525"]
[Annotator "ChessBase"]
[PlyCount "68"]
[EventDate "2019.11.06"]
[EventType "tourn"]
[EventCountry "ROU"]
[SourceTitle "playchess.com"]
[Source "ChessBase"]
[SourceQuality "1"]
[TimeMode "Bronstein"]
[TimeControl "300+3"]

1. d4 Nf6 2. c4 e6 3. Nf3 d5 4. Nc3 Nbd7 5. cxd5 exd5 6. Bg5 c6 7. e3 h6 8. Bh4 g5 9. Bg3 Nh5 10. Bd3 Nxg3 11. hxg3 Bg7 12. g4 Qe7 13. Qe2 Nb6 14. Nd2 Be6 15. a4 Nc8 16. a5 a6 17. Nb3 Nd6 18. Nc5 O-O 19. O-O Rae8 20. Nxe6 fxe6 21. Bc2 e5 22. dxe5 Bxe5 23. Qd3 Rf6 24. Rae1 Ref8 25. b3 Qf7 26. Re2 h5 27. gxh5 Qxh5 28. f4 gxf4 29. Nxd5 cxd5 30. Qxd5+ Nf7 31. exf4 Rd6 32. Qc4 Bd4+ 33. Ref2 Re8 34. Bd3 Qc5 0-1

[Event "SuperChess Cup Blitz 2019"]
[Site "Bucharest"]
[Date "2019.11.10"]
[Round "12.3"]
[White "Deac, Bogdan-Daniel"]
[Black "Miron, Lucian-Costin"]
[Result "1/2-1/2"]
[ECO "C77"]
[WhiteElo "2544"]
[BlackElo "2432"]
[Annotator "ChessBase"]
[PlyCount "62"]
[EventDate "2019.11.06"]
[EventType "tourn"]
[EventCountry "ROU"]
[SourceTitle "playchess.com"]
[Source "ChessBase"]
[SourceQuality "1"]
[TimeMode "Bronstein"]
[TimeControl "300+3"]

1. e4 e5 2. Nf3 Nc6 3. Bb5 a6 4. Ba4 Nf6 5. Nc3 Bd6 6. d3 O-O 7. Bg5 h6 8. Bh4 Be7 9. Bb3 d6 10. Bg3 Bg4 11. h3 Bh5 12. Ne2 Bxf3 13. gxf3 Nh5 14. f4 exf4 15. Nxf4 Nxf4 16. Bxf4 Bg5 17. Qg4 Qf6 18. Bxg5 Qxb2 19. Kd2 hxg5 20. Qxg5 Nd4 21. Qd5 Nxb3+ 22. axb3 Qf6 23. Ke2 c6 24. Qa5 d5 25. f3 Rad8 26. Rag1 dxe4 27. fxe4 Qb2 28. Kd2 Qf6 29. Ke2 Qb2 30. Kd2 Qf6 31. Ke2 Qb2 1/2-1/2

[Event "SuperChess Cup Blitz 2019"]
[Site "Bucharest"]
[Date "2019.11.10"]
[Round "12.4"]
[White "Georgescu, Tiberiu-Marian"]
[Black "David, Alexandru-Vasile"]
[Result "0-1"]
[ECO "D35"]
[WhiteElo "2373"]
[BlackElo "2361"]
[Annotator "NA"]
[PlyCount "82"]
[EventDate "2019.11.06"]
[EventType "tourn"]
[EventCountry "ROU"]
[SourceTitle "playchess.com"]
[Source "ChessBase"]
[SourceQuality "1"]
[TimeMode "Bronstein"]
[TimeControl "300+3"]

1. d4 Nf6 2. c4 e6 3. Nc3 d5 4. cxd5 exd5 5. Bg5 c6 6. e3 Bd6 7. Bd3 O-O 8. Qc2 h6 9. Bh4 Re8 10. Nge2 a5 11. O-O Bxh2+ 12. Kh1 Bd6 13. Rae1 Na6 14. a3 Nc7 15. Qd2 Ne6 16. f3 Ng5 17. Bxg5 hxg5 18. e4 Nh5 19. e5 Be7 20. g4 Nf4 21. Nxf4 gxf4 22. Re2 Bg5 23. Rh2 c5 24. Bh7+ Kf8 25. dxc5 g6 26. Qd4 Be6 27. Kg2 Kg7 28. Rfh1 Rh8 29. Ne2 b6 30. c6 Rc8 31. Nxf4 Rxc6 32. Nxe6+ fxe6 33. Qd3 Qe8 34. Kg3 Qf7 35. Qd4 Rc4 36. Qxb6 Qf4+ 37. Kg2 Rc2+ 38. Qf2 Rxf2+ 39. Kxf2 Qxe5 40. Kg2 Bf4 41. Rh4 Qe2+ 0-1

[Event "SuperChess Cup Blitz 2019"]
[Site "Bucharest"]
[Date "2019.11.10"]
[Round "13.1"]
[White "Cosma, Elena-Luminita"]
[Black "Gavrilescu, David"]
[Result "0-1"]
[ECO "E06"]
[WhiteElo "2199"]
[BlackElo "2274"]
[Annotator "NA"]
[PlyCount "86"]
[EventDate "2019.11.06"]
[EventType "tourn"]
[EventCountry "ROU"]
[SourceTitle "playchess.com"]
[Source "ChessBase"]
[SourceQuality "1"]
[TimeMode "Bronstein"]
[TimeControl "300+3"]

1. d4 Nf6 2. Nf3 d5 3. c4 e6 4. g3 Be7 5. Bg2 O-O 6. O-O dxc4 7. Qc2 a6 8. Qxc4 b5 9. Qc2 Bb7 10. Bg5 Be4 11. Qc1 c6 12. Nbd2 Bg6 13. Nb3 a5 14. a4 Ra7 15. Rd1 bxa4 16. Rxa4 Qb6 17. Bxf6 Bxf6 18. Qc3 Nd7 19. Ne5 Nxe5 20. dxe5 Be7 21. Nxa5 Qb5 22. Bxc6 Qxe2 23. Re1 Qh5 24. Nc4 Rc7 25. Bg2 Rd8 26. Qf3 Qh6 27. b3 Rcd7 28. Ra8 Bc2 29. Rea1 Bf8 30. Rxd8 Rxd8 31. Qc3 Qg6 32. Ra8 Rd1+ 33. Bf1 Qd3 34. Qxd3 Bxd3 35. Ne3 Rb1 36. Rb8 g6 37. Kg2 Bxf1+ 38. Nxf1 Kg7 39. Ne3 Bc5 40. Kf3 Rb2 41. h4 h5 42. Rb7 Bd4 43. b4 Bxe5 0-1

[Event "SuperChess Cup Blitz 2019"]
[Site "Bucharest"]
[Date "2019.11.10"]
[Round "13.2"]
[White "Istratescu, Andrei"]
[Black "Georgescu, Tiberiu-Marian"]
[Result "0-1"]
[ECO "D31"]
[WhiteElo "2604"]
[BlackElo "2373"]
[Annotator "ChessBase"]
[PlyCount "102"]
[EventDate "2019.11.06"]
[EventType "tourn"]
[EventCountry "ROU"]
[SourceTitle "playchess.com"]
[Source "ChessBase"]
[SourceQuality "1"]
[TimeMode "Bronstein"]
[TimeControl "300+3"]

1. d4 d5 2. c4 e6 3. Nc3 a6 4. cxd5 exd5 5. Bf4 c6 6. e3 Bd6 7. Bg3 Bf5 8. Qb3 Bxg3 9. hxg3 Qe7 10. Nf3 Nf6 11. Be2 O-O 12. Nh4 Be6 13. Qc2 Nbd7 14. Nf3 g6 15. Bd3 c5 16. dxc5 Nxc5 17. Nd4 Rac8 18. Qd2 b5 19. a3 Nfd7 20. f4 Nb6 21. b3 Rfe8 22. Kf2 Bg4 23. Rhe1 h5 24. Kg1 h4 25. gxh4 Qxh4 26. Bf1 Kg7 27. Nf3 Bxf3 28. gxf3 Rh8 29. Bg2 Nxb3 30. Qb2 Nxa1 31. Qxa1 Kg8 32. a4 Nxa4 33. Nxd5 Rc2 34. Nf6+ Kf8 35. Nd7+ Kg8 36. Nf6+ Kf8 37. Nd7+ Ke7 38. Qe5+ Kxd7 39. Qd5+ Kc7 40. Qe5+ Kb6 41. Qd6+ Rc6 42. Qd4+ Nc5 43. Rc1 Qf6 44. Qd5 Re8 45. f5 Qxf5 46. Qd4 Qe5 47. Qh4 Qxe3+ 48. Kh2 Qxc1 49. f4 g5 50. Qxg5 Rh8+ 51. Bh3 Rch6 0-1

[Event "SuperChess Cup Blitz 2019"]
[Site "Bucharest"]
[Date "2019.11.10"]
[Round "13.3"]
[White "David, Alexandru-Vasile"]
[Black "Deac, Bogdan-Daniel"]
[Result "0-1"]
[ECO "D43"]
[WhiteElo "2361"]
[BlackElo "2544"]
[Annotator "ChessBase"]
[PlyCount "82"]
[EventDate "2019.11.06"]
[EventType "tourn"]
[EventCountry "ROU"]
[SourceTitle "playchess.com"]
[Source "ChessBase"]
[SourceQuality "1"]
[TimeMode "Bronstein"]
[TimeControl "300+3"]

1. d4 d5 2. c4 e6 3. Nc3 c6 4. Nf3 Nf6 5. Bg5 h6 6. Bh4 Nbd7 7. e3 g5 8. Bg3 Nh5 9. Qc2 Nxg3 10. hxg3 Bg7 11. O-O-O Qe7 12. Bd3 a6 13. cxd5 cxd5 14. e4 g4 15. Nh4 dxe4 16. Bxe4 Nf6 17. d5 Nxe4 18. Qxe4 Bxc3 19. bxc3 exd5 20. Qd4 Rg8 21. Qxd5 Be6 22. Qd2 Rc8 23. Kb2 Rg5 24. Nf3 gxf3 25. Rxh6 Rg8 26. gxf3 Rd8 27. Qe2 Rxd1 28. Qxd1 Qc5 29. Qd2 Qg5 30. Qxg5 Rxg5 31. a4 Re5 32. Ka3 Re2 33. Kb4 Rxf2 34. f4 b6 35. a5 Rb2+ 36. Ka3 Rb3+ 37. Ka2 Rb5+ 38. Ka3 Rxa5+ 39. Kb2 Rb5+ 40. Kc2 a5 41. g4 Bxg4 0-1

[Event "SuperChess Cup Blitz 2019"]
[Site "Bucharest"]
[Date "2019.11.10"]
[Round "13.4"]
[White "Miron, Lucian-Costin"]
[Black "Peptan, Corina-Isabela"]
[Result "1-0"]
[ECO "E39"]
[WhiteElo "2432"]
[BlackElo "2334"]
[Annotator "NA"]
[PlyCount "73"]
[EventDate "2019.11.06"]
[EventType "tourn"]
[EventCountry "ROU"]
[SourceTitle "playchess.com"]
[Source "ChessBase"]
[SourceQuality "1"]
[TimeMode "Bronstein"]
[TimeControl "300+3"]

1. d4 Nf6 2. c4 e6 3. Nc3 Bb4 4. Qc2 c5 5. dxc5 O-O 6. Nf3 Nc6 7. g3 Bxc5 8. Bg2 b6 9. O-O Bb7 10. Rd1 h6 11. Bf4 d5 12. a3 a5 13. cxd5 exd5 14. Nb5 Qe7 15. Nfd4 Nxd4 16. Nxd4 Rac8 17. Qd3 Bxd4 18. Qxd4 Qxe2 19. Qxb6 Ba8 20. Re1 Qc2 21. Rac1 Qa4 22. Rxc8 Rxc8 23. Bxh6 Re8 24. Rxe8+ Qxe8 25. Be3 Ng4 26. h3 Nxe3 27. Qxe3 Qa4 28. Qd2 Qb5 29. b4 axb4 30. Qxb4 Qa6 31. a4 Bc6 32. a5 g6 33. Qb8+ Kh7 34. Qc7 Kg8 35. Bf1 Bb5 36. Qb8+ Kg7 37. Qxb5 1-0

[Event "SuperChess Cup Blitz 2019"]
[Site "Bucharest"]
[Date "2019.11.10"]
[Round "13.5"]
[White "Lupulescu, Constantin"]
[Black "Parligras, Mircea-Emilian"]
[Result "1/2-1/2"]
[ECO "C67"]
[WhiteElo "2525"]
[BlackElo "2458"]
[Annotator "ChessBase"]
[PlyCount "56"]
[EventDate "2019.11.06"]
[EventType "tourn"]
[EventCountry "ROU"]
[SourceTitle "playchess.com"]
[Source "ChessBase"]
[SourceQuality "1"]
[TimeMode "Bronstein"]
[TimeControl "300+3"]

1. e4 e5 2. Nf3 Nc6 3. Bb5 Nf6 4. O-O Nxe4 5. Re1 Nd6 6. Nxe5 Be7 7. Bf1 Nxe5 8. Rxe5 O-O 9. d4 Bf6 10. Re1 Re8 11. c3 Rxe1 12. Qxe1 Ne8 13. Bf4 d5 14. Bd3 g6 15. Nd2 Ng7 16. Qe2 Bf5 17. Bxf5 Nxf5 18. Re1 c6 19. Nf3 Ng7 20. h3 Qd7 21. Be5 Re8 22. Qd2 Bxe5 23. Nxe5 Qd6 24. Nd3 Rxe1+ 25. Qxe1 f6 26. g4 Kf7 27. Kg2 Qe7 28. Qxe7+ Kxe7 1/2-1/2